 Dungeon Crawl Stone Soup version 0.24-a0-251-g44e327e (webtiles) character file.

Game seed: 10573946497970145484

599 Ijustatesigmund the Chopper (level 7, -5/50 HPs)
             Began as an Octopode Fighter on Apr 16, 2019.
             Killed by divine providence
             ... invoked by an orc priest
              (11 damage)
             ... on level 5 of the Dungeon.
             The game lasted 00:05:54 (3973 turns).

Ijustatesigmund the Chopper (Octopode Fighter)      Turns: 3973, Time: 00:05:55

Health: -5/50      AC:  1    Str: 15    XL:     7   Next: 41%
Magic:  7/7        EV: 12    Int: 11    God:
Gold:   227        SH: 10    Dex: 13    Spells: 6/6 levels left

rFire    . . .     SeeInvis .   a - +0 war axe
rCold    . . .     Gourm    .   b - +1 shield
rNeg     . . .     Faith    .   (helmet restricted)
rPois    .         Spirit   .   (no amulet)
rElec    .         Reflect  .   (no ring)
rCorr    .         Harm     .   (no ring)
MR       .....                  (no ring)
Stlth    ++........             (no ring)
HPRegen  0.16/turn              (no ring)
MPRegen  0.10/turn              (no ring)
                                (no ring)
                                (no ring)

@: flying, hasted, very quick
A: almost no armour, stealthy swim, amphibious, 8 rings, constrict 8, camouflage
1, gelatinous body 1
a: no special abilities


You were on level 5 of the Dungeon.
You were hungry.

You visited 1 branch of the dungeon, and saw 5 of its levels.

You collected 227 gold pieces.

Inventory:

Hand Weapons
 a - a +0 war axe (weapon)
Armour
 b - a +1 shield (worn)
Wands
 e - a wand of flame (12)
 m - a wand of clouds (3)
Scrolls
 g - a scroll of teleportation
 h - a scroll of remove curse
 o - a scroll of immolation
Potions
 c - a potion of haste
 f - a potion of flight
 i - a potion of brilliance {unknown}
 j - a potion of agility {unknown}
 k - a potion of mutation {unknown}
 l - a potion of cancellation {unknown}
 n - 2 potions of curing {unknown}
 p - a potion of ambrosia {unknown}
 s - a potion of resistance {unknown}
Comestibles
 d - 10 rations


   Skills:
 + Level 5.2 Fighting
 + Level 5.8 Axes
 + Level 3.7 Dodging
 + Level 3.7 Shields


You had 6 spell levels left.
You didn't know any spells.
Your spell library was empty.

Dungeon Overview and Level Annotations

Branches:
Dungeon (5/15)
 Temple: D:4-7

Altars:
Hepliaklqana
Zin

Annotations:
D:3 3 runed translucent doors, RoseArtemis's ghost, weakling DDMo
D:5 Eustachio


Innate Abilities, Weirdness & Mutations

You cannot wear most types of armour.
You are very stealthy in the water. (Stealth+)
You are amphibious.
You can wear up to eight rings at the same time.
You can use your tentacles to constrict eight enemies at once.
Your skin changes colour to match your surroundings (Stealth+).
Your rubbery body absorbs attacks. (AC +1, EV +1)


Message History

You hit the ice beast.
You constrict Eustachio, but do no damage.
Eustachio struggles to escape constriction.
The ice beast hits you. The ice beast freezes you!
It was a potion of haste.
You feel yourself speed up.
You constrict Eustachio. The ice beast misses you.
The orc wizard casts a spell at you. The magic dart hits you!
* * * LOW HITPOINT WARNING * * *
Eustachio escapes!
It was a potion of flight.
You feel very buoyant.
You fly up into the air.
The orc priest mumbles some strange prayers to Beogh against you.
Pain shoots through your body!
* * * LOW HITPOINT WARNING * * *
You block the ice beast's attack.
The orc priest calls down the wrath of Beogh upon you.
Beogh smites you!
You die...

#...## #........ ......
###..###........o.. ......#
##............o. .......{##
#####............. .........<.
#.........................##...
#.##.............#o.).. #...
#.........@........ ......
#..........o.%..... #.....
#.........#@##. #.....
........s.☼Y.# #.....
####.....°§#### ......
#......°.. #.........#
#.........# #....@....#
........... ..........


You could see Eustachio (confused), an ice beast, 2 orc priests, an orc wizard,
an orc and a giant cockroach.

Vanquished Creatures
  Sigmund (D:2)
  Duvessa (D:5)
  Dowan (D:5)
  A hound (D:4)
  Jessica (D:2)
  An iguana (D:5)
  A worker ant (D:4)
  A hound zombie (D:5)
  Robin (D:2)
  A gnoll (D:1)
  5 adders
  An ooze (D:3)
  2 worms (D:2)
  A dart slug (D:1)
  2 leopard geckos
  2 orcs
  9 bats
  7 giant cockroaches
  11 goblins
  18 hobgoblins
  2 jackals (D:3)
  3 quokkas
  5 frilled lizards
  6 kobolds
  A leopard gecko zombie (D:4)
  11 rats
96 creatures vanquished.

Notes
Turn   | Place    | Note
-------+----------+-------------------------------------------
     0 | D:1      | Ijustatesigmund the Octopode Fighter began the quest for
                  | the Orb.
     0 | D:1      | Reached XP level 1. HP: 16/16 MP: 1/1
   143 | D:1      | Reached XP level 2. HP: 14/21 MP: 2/2
   450 | D:1      | Reached XP level 3. HP: 23/26 MP: 3/3
   926 | D:2      | Noticed Robin
   930 | D:2      | Killed Robin
  1337 | D:2      | Reached XP level 4. HP: 15/33 MP: 4/4
  1603 | D:2      | Found a hazy altar of Hepliaklqana.
  1691 | D:2      | Noticed Jessica
  1702 | D:2      | Killed Jessica
  1748 | D:2      | Reached XP level 5. HP: 31/37 MP: 5/5
  1763 | D:2      | Noticed Sigmund
  1771 | D:2      | Killed Sigmund
  1771 | D:2      | Reached skill level 5 in Axes
  1771 | D:2      | Reached XP level 6. HP: 35/44 MP: 6/6
  2423 | D:3      | Found a runed translucent gate.
  2423 | D:3      | Found a runed translucent gate.
  2423 | D:3      | Found a runed translucent gate.
  2425 | D:3      | Noticed RoseArtemis's ghost (weakling DDMo)
  2668 | D:3      | Found a glowing silver altar of Zin.
  3403 | D:5      | Entered Level 5 of the Dungeon
  3403 | D:5      | Noticed Eustachio
  3554 | D:5      | Found a glowing silver altar of Zin.
  3568 | D:5      | Noticed Duvessa
  3570 | D:5      | Noticed Dowan
  3572 | D:5      | Killed Dowan
  3572 | D:5      | Reached skill level 5 in Fighting
  3572 | D:5      | Reached XP level 7. HP: 50/50 MP: 7/7
  3574 | D:5      | Killed Duvessa
  3973 | D:5      | Killed from afar by an orc priest

Levels and vault maps discovered:
D:1:      dpeg_arrival_shrine, layout_basic
D:2:      layout_loops_ring, lemuel_round_altar, uniq_jessica, uniq_sigmund,
          uniq_robin
D:3:      layout_basic, zin_statuary, gammafunk_ghost_necromancy
D:4:      layout_rooms, first_ration, minmay_goblin_kobold_house
D:5:      layout_rooms, lemuel_zombie_altar_yredelemnul,
          minmay_temple_entry_sparse_star, basic_altar, grunt_decor_arrowhead,
          uniq_eustachio, uniq_duvessa

Skill      XL: |  1  2  3  4  5  6 |
---------------+-------------------+-----
Axes           | 3 4 5 |  5.8
Fighting       | 4 5 |  5.2
Dodging        | |  3.7
Shields        | |  3.7

Action                   |  1- 3 |  4- 6 |  7- 9 || total
-------------------------+-------+-------+-------++-------
Melee: War axe           |    50 |   128 |    12 ||   190
       Constrict         |    15 |    36 |     3 ||    54
       Tentacles         |     7 |    22 |     4 ||    33
Evoke: Wand              |       |     1 |     1 ||     2
  Use: Scroll            |     3 |     4 |       ||     7
       Potion            |       |     1 |     2 ||     3
 Stab: Sleeping          |     4 |    12 |       ||    16
  Eat: Chunk             |     1 |     8 |       ||     9
Armor: Skin              |     5 |     6 |       ||    11
Dodge: Dodged            |    21 |    51 |     5 ||    77
Block: Shield            |    25 |    57 |     8 ||    90

Table legend:
 A = Non-vault XP
 B = Vault XP
 C = Vault XP percentage of total XP
 D = Non-vault monster count
 E = Vault monster count
 F = Vault count percentage of total count
                 A         B        C        D         E       F
            +---------+---------+-------+---------+---------+-------
      Total |     345 |     512 |  59.7 |      79 |      17 |  17.7
            +---------+---------+-------+---------+---------+-------
        D:1 |      43 |       6 |  12.2 |      18 |       3 |  14.3
        D:2 |      86 |     282 |  76.6 |      27 |       7 |  20.6
        D:3 |      73 |       0 |   0.0 |      25 |       0 |   0.0
        D:4 |      87 |      10 |  10.3 |       7 |       5 |  41.7
        D:5 |      56 |     214 |  79.3 |       2 |       2 |  50.0
            +---------+---------+-------+---------+---------+-------
